Map: Ever Dream LE

Players

RiSky

  • Race: Zerg Zerg
  • League: Master
  • Spawn Location: 7:00

Serral - Winner!

  • Race: Zerg Zerg
  • League: Grandmaster
  • Spawn Location: 1:00

Event: DreamHack SC2 Masters 2020 Summer Season Finals

VOD

Have the link to the VOD?

Description

Time

  • Played on: July 16, 2020, 9:21 a.m.
  • Length: 2:38

All games in this series

Show
View Real Time Build Order
Export as new Build Order

RiSky Zerg 

Build Orders: Pool Only 

Get SALT Encoding   

  12  0:17  Spawning Pool  
  11  0:21  Drone  
  11  0:26  Drone  
  13  0:30  Drone  
  14  0:39  Overlord  
  14  1:04  Zergling x4  
  14  1:05  Zergling x2  
  17  1:15  Zergling x2  
  18  1:26  Zergling x2  
  19  1:39  Evolution Chamber, Zergling x2  
  19  1:49  Zergling x2  
  19  1:53  Spine Crawler  
  20  2:06  Zergling x2  
Show
View Real Time Build Order
Export as new Build Order

Serral Zerg - Winner!

Build Orders: Pool First 

Get SALT Encoding   

  12  0:00  Drone  
  13  0:12  Overlord  
  13  0:16  Drone  
  14  0:30  Drone  
  14  0:31  Drone  
  14  0:34  Drone  
  17  0:44  Spawning Pool  
  17  0:46  Drone  
  17  1:06  Hatchery  
  17  1:09  Drone  
  17  1:11  Extractor  
  17  1:14  Drone  
  17  1:17  Drone  
  18  1:28  Drone  
  18  1:30  Queen  
  21  1:36  Spine Crawler  
  21  1:37  Spine Crawler x2  
  20  1:41  Zergling x2  
  21  1:49  Spine Crawler  
  21  1:53  Zergling x2  
  21  2:04  Zergling x2  
  18  2:12  Zergling x2  
Tags
 
Add a new tag
Caveats
  • Supply blocks, unpowered buildings, or Contaminate may cause inaccurate times.
  • Supply counts are checked every 10 seconds.